 Dungeon Crawl Stone Soup version 0.20-a0-345-gbfb25ec (webtiles) character file.

52 FitzyFitz the Skirmisher (level 3, -6/29 HPs)
             Began as a Mummy Abyssal Knight on Dec 22, 2016.
             Was a Follower of Lugonu.
             Mangled by Crazy Yiuf
             ... wielding a +3 quarterstaff of chaos
              (10 damage)
             ... on level 2 of the Dungeon.
             The game lasted 00:03:26 (1487 turns).

FitzyFitz the Skirmisher (Mummy Abyssal Knight)     Turns: 1487, Time: 00:03:26

Health: -6/29      AC: 12    Str: 16    XL:     3   Next: 60%
Magic:  4/4        EV:  2    Int: 11    God:    Lugonu [*.....]
Gold:   113        SH:  0    Dex: 11    Spells: 2/2 levels left

rFire  . . .     SeeInvis .     a - +1 hand axe
rCold  + . .     Gourm    .     j - +4 chain mail {rF+}
rNeg   + + +     Faith    .     (no shield)
rPois  ∞         Spirit   .     (no helmet)
rElec  .         Reflect  .     (no cloak)
rCorr  .         Harm     .     (no gloves)
MR     .....                    (no boots)
Stlth  ..........               (no amulet)
                                (no ring)
                                (no ring)

@: petrified
A: no food or potions, fire vulnerability, cold resistance 1, negative energy
resistance 3, torment resistance, unbreathing
a: Depart the Abyss, Renounce Religion


You were on level 2 of the Dungeon.
You worshipped Lugonu.
Lugonu was aware of your devotion.
You were not hungry.

You visited 1 branch of the dungeon, and saw 2 of its levels.
You visited the Abyss 1 time.

You collected 113 gold pieces.

Inventory:

Hand Weapons
 a - a +1 hand axe (weapon)
 c - a +0 hunting sling
 k - a +0 flail
Missiles
 h - 16 sling bullets
Armour
 b - a +0 leather armour
 f - a +0 plate armour
 j - a +4 chain mail of fire resistance (worn)
Scrolls
 e - a scroll of identify
 g - a scroll of blinking {unknown}
 i - a scroll of enchant weapon {unknown}
 l - a scroll of remove curse {unknown}


   Skills:
 - Level 3.0 Fighting
 * Level 3.0 Axes
 + Level 2.0 Armour
 - Level 0.7 Dodging
 - Level 1.5 Invocations


You had 2 spell levels left.
You didn't know any spells.

Dungeon Overview and Level Annotations

Branches:
Dungeon (2/15)

Altars:

Annotations:
D:2 Crazy Yiuf, Sigmund


Innate Abilities, Weirdness & Mutations

You do not eat or drink.
Your flesh is vulnerable to fire.
You are immune to poison.
Your flesh is cold resistant. (rC+)
You are immune to negative energy. (rN+++)
You are immune to unholy pain and torment.
You can survive without breathing.


Message History

* * * LOW HITPOINT WARNING * * *
Your chain mail prevents you from hitting Crazy Yiuf.
Crazy Yiuf is severely wounded.
Crazy Yiuf hits you but does no damage.
You are slowing down.
You hit Crazy Yiuf.
Crazy Yiuf is severely wounded.
Crazy Yiuf hits you with a quarterstaff of chaos.
* * * LOW HITPOINT WARNING * * *
Crazy Yiuf whimpers, "Snower!"
Crazy Yiuf completely misses you.
Your limbs are stiffening.
You hit Crazy Yiuf.
Crazy Yiuf is severely wounded.
Crazy Yiuf laughs, "Snoogle!
Fire King hog."
Crazy Yiuf hits you with a quarterstaff of chaos.
You have turned to stone.
Crazy Yiuf hits you with a quarterstaff of chaos.
* * * LOW HITPOINT WARNING * * *
Crazy Yiuf hits you but does no damage.
You are electrocuted!
You die...

#.............######.#
#.# #.........#####
#.# #.# #........# #.#
#.# #..####### ### #.#
##..# #.# #.>##♣♣♣♣♣
#.# #.#..P.♣.♣♣♣ ####
#####.#
#...)...♣..♣#...#
#.....#
#.....P♣♣♣♣.@g..#
#####.# ##....♣♣
♣♣#..)# #.# ####♣♣
#### ###


You could see Crazy Yiuf.

Vanquished Creatures
  Terence (D:1)
  An ooze (D:1)
  A leopard gecko (D:1)
  A giant cockroach (D:1)
  3 goblins
  3 hobgoblins (D:1)
  4 bats (D:1)
  5 frilled lizards (D:1)
  4 kobolds (D:1)
  3 rats (D:1)
26 creatures vanquished.

Notes
Turn   | Place    | Note
-------+----------+-------------------------------------------
     0 | Abyss:1  | FitzyFitz the Mummy Abyssal Knight began the quest for the Orb.
     0 | Abyss:1  | Reached XP level 1. HP: 18/18 MP: 2/2
    59 | Abyss:2  | Noticed a thrashing horror
    61 | D:1      | Escaped the Abyss
   357 | D:1      | Reached * piety under Lugonu
   400 | D:1      | Reached XP level 2. HP: 24/24 MP: 3/3
   704 | D:1      | Reached XP level 3. HP: 29/29 MP: 4/4
  1001 | D:2      | Noticed Terence
  1001 | D:2      | Noticed Sigmund
  1047 | D:1      | Killed Terence
  1468 | D:2      | Found a runed door.
  1474 | D:2      | Noticed Crazy Yiuf
  1487 | D:2      | Mangled by Crazy Yiuf

Vault maps used:
D:1:      lemuel_arrival_rhombus
D:2:      overflow_temple_1_default, uniq_terence, uniq_sigmund,
          uniq_crazy_yiuf_cottage
Abyss:1:  evilmike_abyss_exit_4

Skill      XL: |  1  2  3 |
---------------+----------+-----
Axes           | 2 3 |  3.0
Armour         | 2 |  2.0
Fighting       | |  3.0
Dodging        | |  0.7
Invocations    | |  1.5

Action                   || total
-------------------------++-------
Melee: Hand axe          ||   141
Invok: Depart the Abyss  ||     1
  Use: Scroll            ||     2
Armor: Plate armour      ||   110
       Leather armour    ||     6
       Chain mail        ||     4
Dodge: Dodged            ||    42
